 Dungeon Sprint DCSS version 0.24-a0-616-ge2a249a6fd (webtiles) character file.

Game seed: 1150190862874441638, levelgen mode: deterministic

886 MordorOrchid the Grappler (level 7, -7/72 HPs)
             Began as a Troll Transmuter on Sept 14, 2019.
             Was a Believer of Sif Muna.
             Killed themself with a badly aimed iceblast (13 damage)
             ... in the Dungeon (Sprint IX: "|||||||||||||||||||||||||||||").
             The game lasted 00:04:40 (127 turns).

MordorOrchid the Grappler (Troll Transmuter)         Turns: 127, Time: 00:04:41

Health: -7/72      AC:  6    Str: 19    XL:     7   Next: 77%
Magic:  7/11       EV: 13    Int: 14    God:    Sif Muna [**....]
Gold:   0          SH:  0    Dex: 13    Spells: 11/12 levels left

rFire    . . .     SeeInvis .     - Unarmed
rCold    . . .     Gourm    +   (no shield)
rNeg     . . .     Faith    .   b - +0 robe
rPois    .         Spirit   .   (helmet restricted)
rElec    .         Reflect  .   (no cloak)
rCorr    .         Harm     .   (gloves unavailable)
MR       .....     NoTele   +   (boots unavailable)
Stlth    +.........             (no amulet)
HPRegen  0.62/turn              r - +3 ring of dexterity
MPRegen  0.12/turn              q - +3 ring of intelligence

@: appendage (expiring), very slightly contaminated
A: large, unfitting armour, claws 3, horns 2, fast metabolism 3, gourmand,
regeneration 1, shaggy fur 1, tough skin 3
a: End Transformation, Channel Magic, Renounce Religion


You were in the Dungeon.
You worshipped Sif Muna.
Sif Muna was pleased with you.
You were not hungry.
You had grown temporary horns.
You visited 1 branch

Inventory:

Hand Weapons
 o - a +2 rapier of electrocution
 p - a +2 scimitar of holy wrath
Missiles
 a - 12 arrows
 c - 4 stones (quivered)
Armour
 b - a +0 robe (worn)
Magical Staves
 x - an uncursed staff of energy
Jewellery
 q - a +3 ring of intelligence (right claw)
 r - a +3 ring of dexterity (left claw)
Wands
 n - a wand of iceblast (10)
Scrolls
 j - 2 scrolls of blinking
 l - 3 scrolls of remove curse
 m - 2 scrolls of amnesia
Potions
 e - 5 potions of curing
 f - 3 potions of heal wounds
 g - a potion of haste
 h - 4 potions of magic
 i - a potion of berserk rage
Comestibles
 d - 2 rations


   Skills:
 - Level 5.1 Fighting
 * Level 6.4 Dodging
 - Level 10.8 Unarmed Combat
 - Level 3.4 Spellcasting
 + Level 4.9 Transmutations
 * Level 3.5 Evocations


You had 11 spell levels left.
You knew the following spells:

 Your Spells              Type           Power        Failure   Level  Hunger
a - Beastly Appendage     Tmut           ###...       2%          1    #......

Your spell library contained the following spells:

 Spells                   Type           Power        Failure   Level  Hunger
 Sticks to Snakes         Tmut           ###.....     4%          2    ##.....
 Spider Form              Tmut/Pois      #.........   22%         3    ###....
 Ice Form                 Ice/Tmut       #.......     58%         4    #####..
 Blade Hands              Tmut           ###.......   58%         5    ######.


Dungeon Overview and Level Annotations

Branches:
Dungeon (1/1)

Altars:
Cheibriados
Dithmenos
Elyvilon
Fedhas
Gozag
Hepliaklqana
Kikubaaqudgha
Makhleb
Nemelex Xobeh
Okawaru
Qazlal
Ru
Sif Muna
Trog
Uskayaw
Vehumet
Wu Jian
Xom
Yredelemnul
Zin
The Shining One
Beogh
Jiyva
Lugonu


Innate Abilities, Weirdness & Mutations

You are too large for most types of armour.
You have claws for hands.
Your metabolism is lightning-fast.
You like to eat raw meat.
Your natural rate of healing is unusually fast.
You are covered in fur. (AC +1)
You have extremely tough skin. (AC +3)
You have a pair of horns on your head.


Message History

Something hits you.
You barely miss something. Something hits you!
* * * LOW HITPOINT WARNING * * *
Something hits you!
* * * LOW HITPOINT WARNING * * *
Evoke which item? (* to show all) (? for menu, Esc to quit)
Aiming: Iceblast
Press: ? - help, Shift-Dir - straight line, f - you The mass of ice explodes!
The iceblast engulfs something!!
Sif Muna accepts your kill.
Reactivating autopickup.
Training target 4.0 for Fighting reached!
Training target 10.0 for Unarmed Combat reached!
Your Fighting skill gained 2 levels and is now at level 5!
Your Dodging skill increases to level 6!
Your Unarmed Combat skill increases to level 10!
Your Evocations skill gained 2 levels and is now at level 3!
You have reached level 7!
You feel a bit more experienced. The iceblast engulfs you!
You die... ▓▓▓▓▓▓▓▓▓▓▓▓▓▓▓▓▓▓▓▓▓ +...@..)..[[[)...'___ ▓▓▓▓▓▓▓▓▓▓▓▓▓▓▓▓▓▓▓▓▓

There were no monsters in sight!

Vanquished Creatures
  An unseen horror (D)
  An ogre (D)
  An ice beast (D)
  A crocodile (D)
  A crimson imp (D)
  A jelly (D)
  An orc wizard (D)
  A worker ant (D)
  A shadow imp (D)
  A giant cockroach (D)
  A goblin (D)
  A kobold (D)
  A ball python skeleton (D)
  3 frilled lizards (D)
16 creatures vanquished.

Notes
Turn   | Place    | Note
-------+----------+-------------------------------------------
     0 | D        | MordorOrchid the Troll Transmuter began the quest for the
                  | Orb.
     0 | D        | Reached XP level 1. HP: 18/18 MP: 1/1
    12 | D        | Reached skill level 4 in Unarmed Combat
    31 | D        | Noticed an ogre
    31 | D        | Noticed a worker ant
    31 | D        | Noticed an ice beast
    31 | D        | Noticed a crimson imp
    34 | D        | Killed a crimson imp
    34 | D        | Reached skill level 1 in Fighting
    34 | D        | Reached skill level 5 in Unarmed Combat
    34 | D        | Reached XP level 2. HP: 28/28 MP: 0/4
    34 | D        | Reached XP level 3. HP: 35/35 MP: 0/5
    42 | D        | Killed an ice beast
    42 | D        | Reached skill level 6 in Unarmed Combat
    42 | D        | Reached XP level 4. HP: 44/44 MP: 0/7
    43 | D        | Reached skill level 7 in Unarmed Combat
    43 | D        | Reached XP level 5. HP: 52/52 MP: 0/8
    46 | D        | Killed an ogre
    46 | D        | Reached skill level 8 in Unarmed Combat
    54 | D        | Found a roughly hewn altar of Beogh.
    54 | D        | Found a snail-covered altar of Cheibriados.
    54 | D        | Found a shadowy altar of Dithmenos.
    54 | D        | Found a white marble altar of Elyvilon.
    54 | D        | Found a blossoming altar of Fedhas.
    54 | D        | Found an opulent altar of Gozag.
    55 | D        | Found a hazy altar of Hepliaklqana.
    56 | D        | Found a viscous altar of Jiyva.
    57 | D        | Found an ancient bone altar of Kikubaaqudgha.
    58 | D        | Found a corrupted altar of Lugonu.
    59 | D        | Found a burning altar of Makhleb.
    60 | D        | Found a sparkling altar of Nemelex Xobeh.
    61 | D        | Found an iron altar of Okawaru.
    62 | D        | Found a stormy altar of Qazlal.
    63 | D        | Found a sacrificial altar of Ru.
    64 | D        | Found a shimmering blue altar of Sif Muna.
    65 | D        | Found a bloodstained altar of Trog.
    66 | D        | Found a hide-covered altar of Uskayaw.
    67 | D        | Found a radiant altar of Vehumet.
    68 | D        | Found an ornate altar of the Wu Jian Council.
    69 | D        | Found a shimmering altar of Xom.
    70 | D        | Found a basalt altar of Yredelemnul.
    71 | D        | Found a glowing silver altar of Zin.
    72 | D        | Became a worshipper of Sif Muna the Loreminder
    73 | D        | Found a glowing golden altar of the Shining One.
   102 | D        | Noticed a crocodile
   104 | D        | Reached XP level 6. HP: 61/61 MP: 6/10
   110 | D        | Reached skill level 9 in Unarmed Combat
   110 | D        | Reached skill level 1 in Evocations
   112 | D        | Reached * piety under Sif Muna
   118 | D        | Reached skill level 5 in Dodging
   127 | D        | Killed an unseen horror
   127 | D        | Reached ** piety under Sif Muna
   127 | D        | Reached skill level 5 in Fighting
   127 | D        | Reached skill level 10 in Unarmed Combat
   127 | D        | Reached XP level 7. HP: 6/72 MP: 7/11
   127 | D        | Killed themself with a badly aimed iceblast

Levels and vault maps discovered:
D:        linesprint [early_d, line_temple, items_1, d_10, items_2, lair_1,
          lair_end, items_3, orc_1, orc_end, items_4, d_15, swamp_1, shoals_1,
          snake_1, spider_1, d_20, vaults_1, items_5, swamp_end, shoals_end,
          snake_end, spider_end, vaults_end, d_27, items_6, zot_1, zot_end,
          crypt_end, forest_end, elf_end, slime_end, tomb_end, abyss_end,
          pan_hell_end]

Skill      XL: |  1  2  3  4  5  6 |
---------------+-------------------+-----
Unarmed Combat | 5 6 7 8 10 | 10.8
Fighting       | 1 2 3 5 |  5.1
Dodging        | 2 3 4 6 |  6.4
Spellcasting   | 2 3 |  3.4
Transmutations | 2 3 4 |  4.9
Evocations     | 3 |  3.5

Action                   |  1- 3 |  4- 6 |  7- 9 || total
-------------------------+-------+-------+-------++-------
Melee: Unarmed           |    20 |    19 |       ||    39
       Kick              |     1 |     2 |       ||     3
       Punch             |       |     2 |       ||     2
       Headbutt          |       |     1 |       ||     1
Throw: Stone             |       |     1 |       ||     1
 Cast: Beastly Appendage |     2 |     2 |       ||     4
  Use: Potion            |       |     1 |       ||     1
 Stab: Invisible         |       |     2 |       ||     2
  Eat: Chunk             |     1 |       |       ||     1
Armor: Robe              |     7 |     2 |       ||     9
Dodge: Dodged            |     5 |    10 |       ||    15

Table legend:
 A = Non-vault XP
 B = Vault XP
 C = Vault XP percentage of total XP
 D = Non-vault monster count
 E = Vault monster count
 F = Vault count percentage of total count
                 A         B        C        D         E       F
            +---------+---------+-------+---------+---------+-------
      Total |       0 |    1267 | 100.0 |       0 |      16 | 100.0
            +---------+---------+-------+---------+---------+-------
          D |       0 |    1267 | 100.0 |       0 |      16 | 100.0
            +---------+---------+-------+---------+---------+-------
